 Dungeon Crawl Stone Soup version 0.17.1-3-g152610e (webtiles) character file.

23290 Gargoyl the Protected (level 12, -2/95 HPs)
             Began as a Demonspawn Abyssal Knight on Apr 8, 2016.
             Was the Champion of Lugonu.
             Slain by a komodo dragon (19 damage)
             ... on level 2 of the Lair of Beasts.
             The game lasted 00:44:32 (17603 turns).

Gargoyl the Protected (Demonspawn Abyssal Knight)  Turns: 17603, Time: 00:44:33

Health: -2/95      AC: 27    Str: 21    XL:     12   Next: 70%
Magic:  17/17      EV:  8    Int: 14    God:    Lugonu [******]
Gold:   291        SH:  2    Dex: 15    Spells: 0 memorised, 11 levels left

rFire  + . .     SeeInvis .     k - +1 battleaxe (chop)
rCold  . . .     Clarity  .     l - +1 plate armour
rNeg   . . .     SustAt   .     (shield currently unavailable)
rPois  +         Gourm    .     t - +2 helmet
rElec  .         Spirit   .     G - +1 cloak {MR+}
rCorr  .         Warding  .     q - +0 pair of gloves of Pyveipn {rPois Str+3}
rMut   .         Stasis   .     (boots unavailable)
MR     +....                    (no amulet)
Stlth  ..........               N - +3 ring of dexterity
                                d - ring of stealth

@: lethally poisoned (-2 -> -5), somewhat resistant to hostile enchantments,
extremely unstealthy
A: talons 3, large bone plates 1, fire resistance 1, spiny 3, flame cloud
immunity
a: Depart the Abyss, Bend Space, Banish, Corrupt, Enter the Abyss, Brand Weapon
With Distortion, Renounce Religion


You were on level 2 of the Lair of Beasts.
You worshipped Lugonu.
Lugonu was exalted by your worship.
You were not hungry.

You visited 3 branches of the dungeon, and saw 16 of its levels.
You visited the Abyss 1 time.

You collected 1569 gold pieces.
You spent 1278 gold pieces at shops.

Inventory:

Hand Weapons
 k - a +1 battleaxe of chopping (weapon)
 y - a +1 flail of draining
 B - a +0 battleaxe
 M - a +0 glaive of protection
Missiles
 h - 71 poisoned needles (quivered)
 z - 8 tomahawks of returning
 A - 4 javelins
 I - 52 tomahawks
Armour
 l - a +1 plate armour (worn)
 q - the +0 pair of gloves of Pyveipn (worn) {rPois Str+3}
   (You bought it in a shop on level 4 of the Orcish Mines)

   It affects your strength (+3).
   It protects you from poison.
 t - a +2 helmet (worn)
 G - a +1 cloak of magic resistance (worn)
Rods
 f - a +0 iron rod (12/12)
   (You found it on level 10 of the Dungeon)
Jewellery
 d - a ring of stealth (left hand)
 v - an uncursed ring of ice
 N - a +3 ring of dexterity (right hand)
Wands
 i - a wand of random effects (23)
 p - a wand of enslavement (14)
 w - a wand of digging (10)
 D - a wand of teleportation (0)
 K - a wand of lightning (8)
Scrolls
 b - 6 scrolls of remove curse
 e - 5 scrolls of identify
 r - a scroll of recharging
 u - 3 scrolls of fear
 E - a scroll of enchant weapon
 F - 3 scrolls of amnesia
 J - a scroll of magic mapping
 L - 2 scrolls of teleportation
Potions
 m - 2 potions of invisibility
 n - a potion of curing
 o - a potion of flight {unknown}
 s - a potion of brilliance
 x - a potion of degeneration
 H - 2 potions of poison
Books
 a - a book of Envenomations

   Spells                             Type                      Level
   a - Spider Form                    Transmutation/Poison         3
   b - Alistair's Intoxication        Transmutation/Poison         4
   c - Olgreb's Toxic Radiance        Poison                       4
   d - Poisonous Cloud                Conjuration/Poison/Air       6
 j - a book of Conjurations

   Spells                             Type                      Level
   a - Magic Dart                     Conjuration                  1
   b - Searing Ray                    Conjuration                  2
   c - Dazzling Spray                 Conjuration/Hexes            3
   d - Fulminant Prism                Conjuration/Hexes            4
   e - Iskenderun's Mystic Blast      Conjuration                  4
   f - Iskenderun's Battlesphere      Conjuration/Charms           5
 C - a book of the Warp

   Spells                             Type                      Level
   a - Recall                         Summoning/Translocation      3
   b - Gell's Gravitas                Hexes/Translocation          3
   c - Force Lance                    Conjuration/Translocation    4
   d - Phase Shift                    Translocation                5
   e - Warp Weapon                    Charms/Translocation         5
   f - Summon Forest                  Summoning/Translocation      5
Comestibles
 c - 7 bread rations
 g - 2 beef jerkies
 O - a meat ration


   Skills:
 + Level 9.3 Fighting
 + Level 9.4 Axes
 + Level 2.3 Throwing
 * Level 13.9 Armour
 + Level 3.1 Dodging
 + Level 1.1 Stealth
 + Level 7.1 Invocations


You had 11 spell levels left.
You didn't know any spells.

Dungeon Overview and Level Annotations

Branches:
Dungeon (10/15)            Temple (0/1) D:7            Lair (2/8) D:9
    Orc (4/4) D:10            Elf (0/3) Orc:4

Altars:
Ashenzari
Cheibriados
Fedhas
Gozag
Makhleb
Nemelex Xobeh
Ru
Xom
Yredelemnul
Zin
The Shining One
Beogh

Shops:
Orc:3 [   Orc:4 [(=?*

Annotations:
Abyss:1 Maud, Rupert


Innate Abilities, Weirdness & Mutations

You have claws for feet.
You are partially covered in large bone plates (AC +2, SH +2).
Your flesh is heat resistant.
You are completely covered in sharp spines.
You are immune to clouds of flame.


Message History

You closely miss the yak. Your kick misses the yak.
The yak is moderately wounded.
You barely miss the yak. The yak gores you.
Unknown command.
You slice the yak!!
You kill the yak!
Lugonu accepts your kill.
You slash the komodo dragon!
The komodo dragon is severely wounded.
You slash the yak!
The yak is heavily wounded.
You slash the yak!
The yak is moderately wounded.
You feel sick. The yak is struck by your spines. The yak gores you!
* * * LOW HITPOINT WARNING * * *
The yak gores you.
* * * LOW HITPOINT WARNING * * *
The komodo dragon is struck by your spines.
The komodo dragon bites you!!
You die...

....##...###..#........#
#............###.......#
......................##
.......###.#.#......#
#....# ##........##
#..†.# #.....#...#
#.Y####...####.##
#l.Y#.....# ###
#Y@......##
...............#
...[..########## ....#.
#...## #.. #.


You could see a komodo dragon and 3 yaks.

Vanquished Creatures
  An orc warlord (Orc:3)
  A centaur warrior (D:10)
  5 orc high priests
  2 orc sorcerers
  An orc knight (Orc:3)
  Maurice (D:9)
  Joseph (D:10)
  A spiny frog (Lair:2)
  A komodo dragon (Lair:1)
  A tengu conjurer (D:10)
  The ghost of MovingMist the Ducker, an amateur DsGl of Ru (D:5)
  Grinder (D:3)
  4 trolls
  2 two-headed ogres
  7 yaks
  A wraith (D:9)
  A wyvern (D:10)
  Eustachio (D:6)
  A hungry ghost (D:8)
  Grum (D:10)
  A hippogriff (D:10)
  2 wargs (Orc:4)
  Menkaure (D:7)
  3 porcupines
  A water moccasin (Lair:1)
  10 ice beasts
  23 orc warriors
  2 wolves (D:10)
  A sky beast (D:6)
  A black bear (D:6)
  10 ogres
  2 phantoms
  A crocodile (Lair:1)
  5 centaurs
  8 giant frogs
  3 scorpions
  A big kobold (D:9)
  21 orc priests
  4 crimson imps
  4 hounds
  2 centaur skeletons
  Ijyb (D:3)
  A jelly (D:6)
  Jessica (D:3)
  2 giant frog skeletons (D:8)
  29 orc wizards
  7 worker ants
  4 iguanas
  A quasit (D:7)
  A killer bee zombie (D:10)
  A hound zombie (D:9)
  2 hound skeletons
  A worker ant zombie (D:9)
  7 gnolls
  10 adders
  7 river rats (Lair:2)
  2 shadow imps
  An ooze (D:1)
  An adder zombie (D:9)
  An adder skeleton (D:7)
  4 giant geckos
  168 orcs
  4 bats
  9 goblins
  8 hobgoblins
  5 jackals
  8 kobolds
  A ball python (D:8)
  4 giant cockroaches
  A giant gecko skeleton (D:6)
  6 giant newts
  A jackal skeleton (D:4)
  4 quokkas
  A quokka zombie (D:8)
  10 rats
  A fungus (Orc:4)
456 creatures vanquished.

Vanquished Creatures (others)
  An orc high priest (Orc:3)
  A cyclops (Orc:3)
  2 orc knights
  A hungry ghost (D:10)
  An ice beast (Orc:1)
  An orc priest (Orc:1)
  An orc (D:10)
  A kobold (D:9)
9 creatures vanquished.

Grand Total: 465 creatures vanquished

Notes
Turn   | Place    | Note
--------------------------------------------------------------
     0 | Abyss:1  | Gargoyl the Demonspawn Abyssal Knight began the quest for the Orb.
     0 | Abyss:1  | Reached XP level 1. HP: 18/18 MP: 2/2
    14 | Abyss:1  | Found a corrupted altar of Lugonu.
    80 | Abyss:1  | Noticed a small abomination
   103 | D:1      | Escaped the Abyss
   605 | D:1      | Gained mutation: You are partially covered in sharp spines. [demonic ancestry]
   605 | D:1      | Reached XP level 2. HP: 17/24 MP: 4/4
   737 | D:1      | Reached * piety under Lugonu
   870 | D:1      | Reached skill level 1 in Dodging
  1243 | D:2      | Gained mutation: You are partially covered in large bone plates (AC +2, SH +2). [demonic ancestry]
  1243 | D:2      | Reached XP level 3. HP: 29/29 MP: 5/5
  1492 | D:2      | Found a burning altar of Makhleb.
  1496 | D:2      | Gained mutation: You have sharp toenails. [demonic ancestry]
  1496 | D:2      | Reached XP level 4. HP: 35/35 MP: 6/6
  1834 | D:3      | Found a basalt altar of Yredelemnul.
  1916 | D:3      | Noticed Grinder
  2044 | D:3      | Paralysed by Grinder for 3 turns
  2246 | D:3      | Paralysed by Grinder for 7 turns
  2253 | D:3      | Killed Grinder
  2253 | D:3      | Reached skill level 4 in Fighting
  2253 | D:3      | Gained mutation: You are mostly covered in sharp spines. [demonic ancestry]
  2253 | D:3      | Reached XP level 5. HP: 39/42 MP: 6/8
  2253 | D:3      | Reached XP level 6. HP: 44/48 MP: 6/9
  2342 | D:3      | Found a sparkling altar of Nemelex Xobeh.
  2352 | D:3      | Reached ** piety under Lugonu
  2403 | D:3      | Noticed Ijyb
  2409 | D:3      | Killed Ijyb
  2482 | D:3      | Found a glowing silver altar of Zin.
  2483 | D:3      | Found an opulent altar of Gozag.
  2518 | D:3      | Noticed Jessica
  2532 | D:3      | Killed Jessica
  3185 | D:4      | Reached skill level 5 in Armour
  3185 | D:4      | Gained mutation: Your flesh is heat resistant. [demonic ancestry]
  3185 | D:4      | Reached XP level 7. HP: 33/55 MP: 10/10
  3679 | D:4      | Found a sacrificial altar of Ru.
  3944 | D:5      | Entered Level 5 of the Dungeon
  3975 | D:5      | Reached *** piety under Lugonu
  4104 | D:5      | Noticed MovingMist's ghost (amateur DsGl)
  4115 | D:5      | Reached skill level 6 in Armour
  4123 | D:5      | Killed MovingMist's ghost
  4123 | D:5      | Reached XP level 8. HP: 59/61 MP: 11/11
  4395 | D:5      | Found a shattered altar of Ashenzari.
  4395 | D:5      | Found a snail-covered altar of Cheibriados.
  4459 | D:5      | Reached skill level 7 in Armour
  4630 | D:6      | Noticed Eustachio
  4649 | D:6      | Killed Eustachio
  4724 | D:6      | Reached skill level 5 in Fighting
  4784 | D:6      | Reached skill level 8 in Armour
  5029 | D:6      | Reached **** piety under Lugonu
  5039 | D:6      | Gained mutation: You have razor-sharp toenails. [demonic ancestry]
  5039 | D:6      | Reached XP level 9. HP: 51/68 MP: 12/12
  5280 | D:6      | Found a glowing golden altar of the Shining One.
  5397 | D:6      | Gained mutation: You have supernaturally acute eyesight. [mutagenic meat]
  5837 | D:7      | Reached skill level 5 in Axes
  5837 | D:7      | Reached skill level 9 in Armour
  5840 | D:7      | Found a staircase to the Ecumenical Temple.
  6178 | D:7      | Reached skill level 1 in Stealth
  6227 | D:7      | Noticed Menkaure
  6235 | D:7      | Killed Menkaure
  6849 | D:8      | Reached ***** piety under Lugonu
  7125 | D:8      | Reached skill level 1 in Throwing
  7158 | D:8      | Reached skill level 10 in Armour
  7413 | D:8      | Gained mutation: You are immune to clouds of flame. [demonic ancestry]
  7413 | D:8      | Reached XP level 10. HP: 63/77 MP: 11/13
  7680 | D:9      | Found a shimmering altar of Xom.
  8113 | D:9      | Found a blossoming altar of Fedhas.
  8144 | D:9      | Found a staircase to the Lair.
  8253 | D:9      | Noticed Maurice
  8612 | D:9      | Killed Maurice
  8676 | Lair:1   | Entered Level 1 of the Lair of Beasts
  8725 | D:10     | Entered Level 10 of the Dungeon
  8802 | D:10     | Noticed Joseph
  8816 | D:10     | Killed Joseph
  8906 | D:10     | Noticed Maud
  8917 | D:10     | Lost mutation: You have supernaturally acute eyesight. [potion of cure mutation]
  8928 | D:10     | HP: 4/115 [Maud/enchanted demon trident (27)]
  8930 | D:10     | Banished Maud
  8930 | D:10     | Reached skill level 11 in Armour
  8930 | D:10     | Reached skill level 5 in Invocations
  9779 | D:10     | Noticed Grum
  9791 | D:10     | Killed Grum
  9909 | D:10     | Found a staircase to the Orcish Mines.
  9944 | D:10     | Noticed a sea snake
 10074 | D:10     | Noticed a centaur warrior
 10083 | D:10     | Killed a centaur warrior
 10083 | D:10     | Gained mutation: You are completely covered in sharp spines. [demonic ancestry]
 10083 | D:10     | Reached XP level 11. HP: 68/84 MP: 15/15
 10453 | Orc:1    | Entered Level 1 of the Orcish Mines
 10670 | Orc:2    | Found a roughly hewn altar of Beogh.
 11048 | Orc:1    | Found a frozen archway.
 11767 | Orc:2    | Reached skill level 12 in Armour
 12114 | Orc:3    | Found Dunysh's Armour Emporium.
 12145 | Orc:3    | Bought a +1 cloak of magic resistance for 280 gold pieces
 12158 | Orc:3    | Bought a +0 pair of gloves of archery for 195 gold pieces
 12263 | Orc:3    | Reached ****** piety under Lugonu
 12393 | Orc:3    | Noticed Rupert
 12399 | Orc:3    | Banished Rupert
 12701 | Orc:4    | Entered Level 4 of the Orcish Mines
 12701 | Orc:4    | Found Uwupy's Antique Armour Emporium.
 12703 | Orc:4    | Noticed an orc high priest
 12703 | Orc:4    | Noticed an orc high priest
 12711 | Orc:3    | Paralysed by an orc sorcerer for 2 turns
 12886 | Orc:3    | Banished an orc high priest
 13463 | Orc:4    | Noticed a sun demon
 13474 | Orc:3    | Killed an orc high priest
 13692 | Orc:4    | Bought a pair of faintly glowing gloves for 361 gold pieces
 13693 | Orc:4    | Identified the +0 pair of gloves of Pyveipn {rPois Str+3} (You bought it in a shop on level 4 of the Orcish Mines)
 13706 | Orc:4    | Bought an encrusted cloak for 361 gold pieces
 13707 | Orc:4    | Identified the cursed +0 cloak of Responsibility {-Tele rC+ MR+ Str+2} (You bought it in a shop on level 4 of the Orcish Mines)
 13714 | Orc:4    | Found Ezxij's Antique Weapon Shop.
 13832 | Orc:4    | Found Tateg's Magic Scroll Shoppe.
 13841 | Orc:4    | Bought a scroll of teleportation for 30 gold pieces
 13864 | Orc:4    | Noticed an orc high priest
 13894 | Orc:4    | Found a staircase to the Elven Halls.
 13896 | Orc:4    | Noticed an orc high priest
 13898 | Orc:4    | Noticed an orc warlord
 14266 | Orc:4    | Killed an orc high priest
 14266 | Orc:4    | Reached skill level 13 in Armour
 14293 | Orc:4    | Gained mutation: You have claws for feet. [demonic ancestry]
 14293 | Orc:4    | Reached XP level 12. HP: 73/94 MP: 17/17
 14379 | Orc:4    | Found Athaj's General Store.
 14387 | Orc:4    | Bought a scroll of teleportation for 51 gold pieces
 14448 | Orc:4    | Killed an orc high priest
 14690 | Orc:3    | Killed an orc warlord
 14968 | Orc:4    | Noticed an orc high priest
 15258 | Orc:4    | Killed an orc high priest
 15453 | Orc:4    | Found Teumnux's Jewellery Shoppe.
 15865 | Orc:4    | Noticed an orc high priest
 16244 | Orc:4    | Killed an orc high priest
 16441 | Orc:4    | Found a roughly hewn altar of Beogh.
 17603 | Lair:2   | Slain by a komodo dragon

Action                   |  1- 3 |  4- 6 |  7- 9 | 10-12 || total
-------------------------+-------+-------+-------+-------++-------
Melee: Hand axe          |    41 |    73 |   124 |       ||   238
       War axe           |       |       |   137 |   171 ||   308
       Battleaxe         |       |       |       |   335 ||   335
Throw: Tomahawk          |       |       |     7 |    14 ||    21
Invok: Depart the Abyss  |     1 |       |       |       ||     1
       Banish            |       |       |     1 |    12 ||    13
Evoke: Wand              |       |       |       |     1 ||     1
  Use: Scroll            |       |    10 |     4 |    15 ||    29
       Potion            |       |       |     2 |    20 ||    22
  Eat: Chunk             |     2 |     4 |     6 |    13 ||    25
       Fruit             |       |     8 |       |    23 ||    31
       Pizza             |       |       |     2 |     1 ||     3
       Meat ration       |       |       |     2 |       ||     2
       Bread ration      |       |       |       |     1 ||     1
       Beef jerky        |       |       |       |     1 ||     1
